Description

scv constructing the proxy factory leaves at 1:00 rally 3 marine to the proxy location. immediatly borrow first mine in case stalker or zealot attacks proxy. build one bunker at home and rally marines in it. dont drop till armory finished.

Replay - 2000 Atmosphären LE (162)

Build Order

Get SALT Encoding   

  12  0:00  SCV  
  13  0:12  SCV  
  14  0:17  Supply Depot  
  14  0:24  SCV  
  15  0:29  Refinery  
  15  0:38  SCV  
  16  0:45  Barracks  
  16  0:50  SCV  
  17  1:02  SCV  
  18  1:14  SCV  
  19  1:31  Marine  
  19  1:32  Orbital Command  
  20  1:33  Factory  
  20  1:50  Marine  
  20  1:51  Refinery  
  21  1:57  SCV, Supply Depot  
  22  2:08  Marine  
  23  2:17  Starport  
  23  2:19  SCV, Widow Mine  
  26  2:26  Marine  
  27  2:31  SCV  
  27  2:32  Supply Depot  
  28  2:37  Bunker  
  28  2:39  Armory  
  28  2:43  Widow Mine  
  31  2:59  Medivac  
  31  3:01  Marine  
  31  3:05  Widow Mine  
  37  3:19  Marine  
  39  3:20  Supply Depot  
  39  3:42  Widow Mine, Liberator  
  45  3:51  Marine  
  45  3:52  Supply Depot  
  47  4:09  Command Center  
  47  4:14  Marine, Widow Mine  
  46  4:35  Marine  
  46  4:36  Widow Mine  
  50  4:43  Barracks x2  
  49  5:02  Barracks Reactor  
  47  5:13  Widow Mine, Liberator  
  53  5:27  Orbital Command  
  53  5:35  Widow Mine  
  53  5:36  Barracks Tech Lab x2  
  53  5:38  Marine  
  56  5:44  Engineering Bay  
  56  5:57  Combat Shield, Stimpack  
  56  5:58  Marauder x2  
  64  6:15  Terran Infantry Weapons Level 1  
  68  6:20  Marauder x2  
  70  6:29  Missile Turret  
  72  6:38  Medivac  
  72  6:39  Factory Tech Lab  
  78  6:55  Marauder x2  
Spawning Tool Build Advisor. Get it on Overwolf

Go to:

Details

  • Created by: lucahecker
  • Published on: Mar 26, 2022
  • Modified on: Mar 26, 2022
  • Patch: 4.11.0
  • Difficulty: Easy
Show
View Real Time Build Order
Export as new Build Order

Comments (0)

There are no comments. Be the first!

Create an account to comment!